 Dungeon Crawl Stone Soup version 0.28-a0-1087-gf3fc490d9d (webtiles) character file.

Game seed: 7240817898721293355

8257 tsouns the Fighter (level 11, -1/93 HPs)
             Began as a Demonspawn Berserker on Dec 10, 2021.
             Was an Elder of Trog.
             Shot with a sling bullet by Joseph (11 damage)
             ... on level 9 of the Dungeon.
             The game lasted 00:15:56 (7152 turns).

tsouns the Fighter (Demonspawn Berserker)           Turns: 7152, Time: 00:15:58

Health: -1/93      AC: 12    Str: 21    XL:     11   Next: 7%
Magic:  11/11      EV: 14    Int:  9    God:    Trog [****..]
Gold:   491        SH:  8    Dex: 19    Spells: 10/10 levels left

rFire   + . .      SeeInvis .   B - +1 morningstar
rCold   . . .      Faith    .   o - +2 buckler {AC+3}
rNeg    . . .      Spirit   .   L - +0 steam dragon scales
rPois   .          Reflect  .   (helmet restricted)
rElec   .          Harm     .   w - +0 cloak
rCorr   .          Rampage  .   k - +0 pair of gloves
Will    .....                   (no boots)
Stlth   ++........              u - amulet of regeneration
HPRegen 1.05/turn               d - ring of protection from fire
MPRegen 0.12/turn               H - +6 ring of dexterity

@: no status effects
A: horns 1, slimy green scales 1, ignite blood 2, demonic magic 2
a: Renounce Religion, Berserk, Trog's Hand, Brothers in Arms


You were on level 9 of the Dungeon.
You worshipped Trog.
Trog was greatly pleased with you.
You visited 1 branch of the dungeon, and saw 9 of its levels.

You collected 603 gold pieces.
You spent 112 gold pieces at shops.

Inventory:

Hand Weapons
 a - a +0 mace
 q - a +0 flail
 B - a +1 morningstar (weapon)
 F - a +4 dire flail
Missiles
 r - 6 silver javelins (quivered)
 J - 5 throwing nets
Armour
 j - a +0 helmet
 k - a +0 pair of gloves (worn)
 o - a +2 buckler of protection (worn)
 w - a +0 cloak (worn)
 x - a +0 plate armour
 y - the +2 leather armour of Poor Excuses {rElec Will+}
   (You found it on level 4 of the Dungeon)

   rElec:     It insulates you from electricity.
   Will:      It increases your willpower.
 L - +0 steam dragon scales (worn)
Jewellery
 d - a ring of protection from fire (left hand)
 u - an amulet of regeneration (around neck)
 H - a +6 ring of dexterity (right hand)
 K - a ring of willpower
 M - a ring of protection from fire
Wands
 b - a wand of acid (3)
 f - a wand of polymorph (10)
 E - a wand of flame (16)
Scrolls
 i - 3 scrolls of immolation
 m - 5 scrolls of teleportation
 n - a scroll of magic mapping
 s - a scroll of fear
 v - a scroll of noise
 A - a scroll of blinking
Potions
 c - 9 potions of curing
 e - a potion of might
 g - a potion of attraction
 h - 2 potions of resistance
 l - 2 potions of ambrosia
 p - 2 potions of heal wounds
 t - 2 potions of magic
 C - a potion of mutation
 D - a potion of flight {unknown}
 G - 2 potions of invisibility
 I - a potion of cancellation {unknown}


   Skills:
 + Level 11.2 Fighting
 + Level 11.2 Maces & Flails
 - Level 2.1 Armour
 - Level 3.6 Dodging
 - Level 2.2 Stealth
 - Level 4.0 Shields


You had 10 spell levels left.
You didn't know any spells.
Your spell library contained the following spells:

 Spells                   Type           Power      Damage    Failure   Level
 Shock                    Conj/Air       0%         1d3       38%         1
 Sting                    Tmut/Pois      0%         1d3       38%         1
 Summon Small Mammal      Summ           0%         N/A       38%         1
 Blink                    Tloc           0%         N/A       52%         2
 Corpse Rot               Necr/Air       0%         N/A       52%         2
 Poisonous Vapours        Pois/Air       0%         N/A       52%         2
 Call Canine Familiar     Summ           0%         N/A       77%         3
 Gell's Gravitas          Tloc           0%         N/A       77%         3
 Lesser Beckoning         Tloc           0%         N/A       77%         3
 Summon Guardian Golem    Hex/Summ       0%         N/A       77%         3
 Swiftness                Air            0%         N/A       77%         3
 Teleport Other           Tloc           0%         N/A       77%         3
 Airstrike                Air            0%         N/A       99%         4
 Dispel Undead            Necr           0%         3d6       99%         4
 Olgreb's Toxic Radiance  Pois           0%         N/A       99%         4
 Manifold Assault         Tloc           0%         N/A       100%        5
 Death Channel            Necr           0%         N/A       100%        6
 Dispersal                Tloc           0%         N/A       100%        6


Dungeon Overview and Level Annotations

Branches:
Dungeon (9/15)             Temple (0/1) D:7            Lair (0/6) D:8
    Orc (0/2) D:9

Altars:
Ashenzari
Cheibriados
Fedhas
Hepliaklqana
Kikubaaqudgha
Makhleb
Nemelex Xobeh
Ru
Sif Muna
Uskayaw
Yredelemnul
Zin
The Shining One

Shops:
D:5 (   D:6 **=

Annotations:
D:5 2 transporters, Samael12321's ghost, novice DjTm
D:9 Joseph


Innate Abilities, Weirdness & Mutations

You have a pair of small horns on your head.
You are partially covered in slimy green scales. (AC +2)
Your demonic aura often causes spilled blood to erupt in flames.
Spells you cast may paralyse nearby enemies.


Message History

Aiming: Iceblast
Press: ? - help, Shift-Dir - straight line, f/p - Joseph
Aim: Joseph, wielding a +0 hunting sling, wearing a +3 ring mail of cold resistance, quivering sling bullets and carrying a wand of polymorph (3) (lightly wounded)
The mass of ice explodes!
The iceblast engulfs Joseph!
Joseph partially resists.
Joseph is moderately wounded.
The iceblast engulfs the orc warrior.
The orc warrior is severely wounded.
The iceblast engulfs the orc.
The orc is almost dead.
Joseph shoots a sling bullet.
The sling bullet hits you!
The orc warrior hits you from afar with a +0 glaive!
* * * LOW HITPOINT WARNING * * *
Aiming: Iceblast
Press: ? - help, Shift-Dir - straight line, f/p - Joseph
Aim: Joseph, wielding a +0 hunting sling, wearing a +3 ring mail of cold resistance, quivering sling bullets and carrying a wand of polymorph (3) (moderately wounded)
The mass of ice explodes!
The iceblast engulfs Joseph!
Joseph partially resists.
Joseph is heavily wounded.
The iceblast engulfs the orc warrior.
The orc warrior is almost dead.
The iceblast engulfs the orc!
You kill the orc!
Trog accepts your kill.
Joseph shoots a sling bullet.
The sling bullet hits you!
* * * LOW HITPOINT WARNING * * *
The orc warrior hits you from afar with a +0 glaive.
* * * LOW HITPOINT WARNING * * *
Aiming: Iceblast
Press: ? - help, Shift-Dir - straight line, f/p - Joseph
Aim: Joseph, wielding a +0 hunting sling, wearing a +3 ring mail of cold resistance, quivering sling bullets and carrying a wand of polymorph (3) (moderately wounded)
The mass of ice explodes!
The iceblast engulfs Joseph!
Joseph partially resists.
Joseph is heavily wounded.
The iceblast engulfs the orc warrior!
You kill the orc warrior!
Trog accepts your kill.
The now-empty wand crumbles to dust.
Joseph shoots a sling bullet.
The sling bullet hits you!
You die...

....########........#.....#......
....'....)))........#######......
....########..................<..
....# #...........#..##.....
...<# #...........+.###.....
....# #...........### #.....
....# #######'##### ####.# ..>.#
##..# #.# ##### #@.## #.# #°##
#.# #)# #.# )@) ###†# .))). #....
....... #.#.. ........# #.#.>
#........# #.#.. #........# #.##.


You could see Joseph.

Vanquished Creatures
  Harold (D:7)
  A hydra (D:9)
  Erica (D:9)
  A two-headed ogre (D:9)
  Maurice (D:9)
  A kobold demonologist (D:9)
  Grinder (D:6)
  Sigmund (D:2)
  2 wyverns (D:9)
  A yak (D:8)
  2 steam dragons
  2 wargs (D:9)
  3 water moccasins
  An acid dragon (D:8)
  Duvessa (D:5)
  A sky beast (D:6)
  An ice beast (D:7)
  4 orc warriors
  A necrophage (D:6)
  4 black bears
  2 ogres (D:4)
  3 centaurs
  A phantom (D:3)
  3 kobold brigands
  5 bullfrogs
  A gnoll sergeant (D:9)
  4 scorpions
  A water moccasin zombie (D:5)
  Dowan (D:5)
  7 wights
  4 howler monkeys
  A bullfrog zombie (D:5)
  6 orc priests
  Crazy Yiuf (D:5)
  Ijyb (D:4)
  6 orc wizards
  A killer bee zombie (D:6)
  2 howler monkey zombies
  4 adders
  2 shadow imps
  2 white imps (D:5)
  An ufetubus (D:7)
  A worm (D:3)
  A dart slug (D:4)
  27 orcs
  3 bats
  5 endoplasms
  4 giant cockroaches
  5 goblins
  7 hobgoblins
  4 jackals (D:2)
  34 kobolds
  2 quokkas
  8 ball pythons
  5 frilled lizards
  3 rats
199 creatures vanquished.

Vanquished Creatures (others)
  An endoplasm (D:2)
  29 fungi
  44 plants
74 creatures vanquished.

Grand Total: 273 creatures vanquished

Notes
Turn   | Place    | Note
-------+----------+-------------------------------------------
     0 | D:1      | tsouns the Demonspawn Berserker began the quest for the
                  | Orb.
     0 | D:1      | Reached XP level 1. HP: 18/18 MP: 1/1
   368 | D:1      | Gained mutation: Your demonic aura sometimes causes spilled
                  | blood to erupt in flames. [demonic ancestry]
   368 | D:1      | Reached XP level 2. HP: 21/24 MP: 2/2
   937 | D:1      | Found a faded altar of an unknown god.
  1387 | D:2      | Gained mutation: You have a pair of small horns on your
                  | head. [demonic ancestry]
  1387 | D:2      | Reached XP level 3. HP: 20/29 MP: 3/3
  1897 | D:2      | Noticed Sigmund
  1919 | D:2      | Killed Sigmund
  1920 | D:2      | Reached skill level 1 in Stealth
  1920 | D:2      | Gained mutation: Spells you cast may paralyse adjacent
                  | enemies. [demonic ancestry]
  1920 | D:2      | Reached XP level 4. HP: 18/37 MP: 4/4
  1920 | D:2      | Gained mutation: Your demonic aura often causes spilled
                  | blood to erupt in flames. [demonic ancestry]
  1920 | D:2      | Reached XP level 5. HP: 21/42 MP: 5/5
  2174 | D:2      | Reached ** piety under Trog
  2495 | D:3      | Noticed a water moccasin
  2503 | D:3      | Killed a water moccasin
  2504 | D:3      | Reached XP level 6. HP: 48/48 MP: 6/6
  2605 | D:3      | Reached skill level 5 in Maces & Flails
  3001 | D:4      | Noticed an orc warrior
  3008 | D:4      | Killed an orc warrior
  3009 | D:4      | Reached XP level 7. HP: 54/54 MP: 7/7
  3235 | D:4      | Identified the +2 leather armour of Poor Excuses {rElec
                  | Will+}
  3277 | D:4      | Noticed Ijyb
  3292 | D:4      | Killed Ijyb
  3298 | D:4      | Reached skill level 1 in Shields
  3498 | D:5      | Entered Level 5 of the Dungeon
  3583 | D:5      | Found an ancient bone altar of Kikubaaqudgha.
  3596 | D:5      | Found Catoq's Antique Weapon Shop.
  3674 | D:5      | Found a basalt altar of Yredelemnul.
  3716 | D:5      | Noticed Duvessa
  3716 | D:5      | Noticed Dowan
  3729 | D:5      | Killed Dowan
  3730 | D:5      | Gained mutation: You are partially covered in slimy green
                  | scales. (AC +2) [demonic ancestry]
  3730 | D:5      | Reached XP level 8. HP: 61/61 MP: 8/8
  3735 | D:5      | Killed Duvessa
  3736 | D:5      | Reached skill level 5 in Fighting
  3756 | D:5      | Found a transporter.
  3760 | D:5      | Found a transporter.
  3760 | D:5      | Noticed Samael12321's ghost (novice DjTm)
  3822 | D:5      | Found a sacrificial altar of Ru.
  3825 | D:5      | You fall into a shaft and drop 3 floors!
  4025 | D:8      | Found a blossoming altar of Fedhas.
  4065 | D:8      | Reached XP level 9. HP: 68/71 MP: 9/9
  4066 | D:8      | Reached *** piety under Trog
  4081 | D:6      | Found a broken altar of Ashenzari.
  4320 | D:7      | Found a sparkling altar of Nemelex Xobeh.
  4324 | D:6      | Found Iqiamo Gufa's General Store.
  4458 | D:5      | Found a hazy altar of Hepliaklqana.
  4593 | D:5      | Found a hide-covered altar of Uskayaw.
  4701 | D:5      | Found a runed translucent door.
  4702 | D:5      | Noticed Crazy Yiuf
  4708 | D:5      | Killed Crazy Yiuf
  4822 | D:6      | Found a burning altar of Makhleb.
  4860 | D:6      | Noticed Grinder
  4865 | D:6      | Killed Grinder
  4873 | D:6      | Found Baloefax's General Store.
  4885 | D:6      | Bought a potion of invisibility for 112 gold pieces
  4889 | D:6      | Found Uliraoba's Jewellery Shoppe.
  5564 | D:7      | Found a snail-covered altar of Cheibriados.
  5674 | D:7      | Found a staircase to the Ecumenical Temple.
  5763 | D:7      | Noticed Harold
  5773 | D:7      | Killed Harold
  5774 | D:7      | Gained mutation: Spells you cast may paralyse nearby
                  | enemies. [demonic ancestry]
  5774 | D:7      | Reached XP level 10. HP: 71/83 MP: 10/10
  5869 | D:7      | Reached **** piety under Trog
  6214 | D:8      | Found a staircase to the Lair.
  6826 | D:9      | Noticed a two-headed ogre
  6827 | D:9      | Noticed Erica
  6835 | D:9      | Reached skill level 10 in Maces & Flails
  6844 | D:9      | Killed a two-headed ogre
  6845 | D:9      | Reached skill level 10 in Fighting
  6850 | D:9      | Killed Erica
  6884 | D:9      | Noticed Maurice
  6901 | D:9      | Killed Maurice
  6977 | D:9      | Noticed a six-headed hydra
  6978 | D:9      | Found a shimmering blue altar of Sif Muna.
  6989 | D:9      | Killed a six-headed hydra
  7022 | D:9      | Found a staircase to the Orcish Mines.
  7032 | D:9      | Reached XP level 11. HP: 86/93 MP: 11/11
  7130 | D:9      | Noticed Joseph
  7152 | D:9      | Shot with a sling bullet by Joseph

Illustrated notes

Levels and vault maps discovered:
D:1:      dpeg_arrival_simpleton_c, layout_basic,
          chequers_ecumenical_altar_twisty
D:2:      layout_basic, uniq_sigmund
D:3:      layout_rooms, serial_rivers, chequers_serial_rivers_micro_d,
          chequers_serial_rivers_small_b, chequers_serial_rivers_micro_c,
          chequers_serial_rivers_micro_c, chequers_serial_rivers_small_a
D:4:      layout_rooms, serial_curves, eino_curves_04, eino_curves_01, uniq_ijyb
D:5:      layout_cave_pods, nicolae_ru_path_of_blood,
          mainiacjoe_overflow_tiny_flanked, lemuel_crystal_altar,
          grunt_temple_overflow_open, serial_shops, nicolae_shop_crystal,
          gammafunk_ghost_arena, uniq_duvessa, uniq_crazy_yiuf_cottage
D:6:      wander_river, layout_basic, nicolae_overflow_hidden_temple,
          mainiacjoe_overflow_alcove_2, serial_shops, shop, shop_fountains,
          nicolae_shop_stone, uniq_grinder
D:7:      kennysheep_kobold_camp, layout_loops_ring,
          mainiacjoe_overflow_chevrons, marbit_many_paths,
          mainiacjoe_overflow_24_doors, minmay_temple_entry_junction_2,
          uniq_harold, uniq_maggie
D:8:      layout_basic, fedhas_altar_3, due_lair_maze_entry_diamond
D:9:      layout_roguey, amcnicky_altar_gilded, minmay_orc_entry_guard_dogs,
          minivault_25_ag, serial_bayou_pond_b, uniq_maurice, uniq_joseph,
          uniq_erica

Skill      XL: |  1  2  3  4  5  6  7  8  9 10 |
---------------+-------------------------------+-----
Maces & Flails | 3 4 5 6 7 9 11 | 11.2
Dodging        | 2 3 |  3.6
Armour         | 2 |  2.1
Stealth        | 1 2 |  2.2
Fighting       | 4 6 9 11 | 11.2
Shields        | 2 4 |  4.0

Action                   |  1- 3 |  4- 6 |  7- 9 | 10-12 || total
-------------------------+-------+-------+-------+-------++-------
Melee: Mace              |    99 |     7 |       |       ||   106
       Headbutt          |     7 |    10 |    40 |    32 ||    89
       Flail             |       |    65 |    43 |       ||   108
       Morningstar       |       |       |   167 |   129 ||   296
Invok: Berserk           |     2 |     2 |     4 |     2 ||    10
       Trog's Hand       |       |       |     2 |     1 ||     3
Evoke: Wand              |       |       |     4 |    10 ||    14
  Use: Scroll            |     2 |       |    14 |     4 ||    20
       Potion            |     1 |       |       |       ||     1
 Stab: Sleeping          |     2 |       |     2 |     1 ||     5
       Distracted        |       |       |     1 |       ||     1
Armor: Animal skin       |    29 |    21 |       |       ||    50
       Leather armour    |       |       |    95 |       ||    95
       Plate armour      |       |       |     2 |       ||     2
       Steam dragon scal |       |       |       |    32 ||    32
Dodge: Dodged            |    51 |    35 |   107 |    71 ||   264
Block: Buckler           |     1 |    21 |    68 |    39 ||   129

Table legend: (Time is in decaauts)
 A = Elapsed time spent in this place.
 B = Non-inter-level travel time spent in this place.
 C = Inter-level travel time spent in this place.
 D = Time resting spent in this place.
 E = Time spent auto-exploring this place.
 F = Levels seen in this place.
 G = Mean time per level.
                   A        B        C        D        E       F      G
               +--------+--------+--------+--------+--------+-----+--------+
         Total |   7356 |   7158 |    198 |      5 |   5427 |   9 |  817.3 |
       Dungeon |   7356 |   7158 |    198 |      5 |   5427 |   9 |  817.3 |
               +--------+--------+--------+--------+--------+-----+--------+

Top non-repeatable levels by time:
     D:2: 1290 daAuts
     D:1: 1060 daAuts
     D:7: 991 daAuts
     D:8: 820 daAuts
     D:5: 799 daAuts
     D:6: 707 daAuts
     D:3: 628 daAuts
     D:4: 612 daAuts
     D:9: 445 daAuts
